Map: Oxide LE

Players

ByuN - Winner!

  • Race: Terran Terran
  • Spawn Location: 7:00

LiquidMaNa (MaNa)

  • Race: Protoss Protoss
  • Spawn Location: 1:00

Event: StayAtHome Story Cup #3

VOD

Have the link to the VOD?

Description

Time

  • Played on: March 11, 2021, 7:12 a.m.
  • Length: 12:15

All games in this series

Show
View Real Time Build Order
Export as new Build Order

ByuN Terran - Winner!

Build Orders:  

Get SALT Encoding   

  12  0:00  SCV  
  13  0:12  SCV  
  14  0:17  Supply Depot  
  14  0:24  SCV  
  15  0:38  SCV  
  15  0:39  Barracks  
  15  0:42  Refinery  
  16  0:50  SCV  
  17  1:02  SCV  
  18  1:14  SCV  
  19  1:26  Marine  
  19  1:27  Orbital Command  
  20  1:37  Command Center  
  20  1:45  Barracks Reactor  
  20  1:47  Supply Depot  
  20  1:52  SCV  
  21  2:02  Factory  
  21  2:04  SCV  
  22  2:12  Refinery  
  22  2:16  SCV  
  22  2:21  Marine x2  
  25  2:29  SCV  
  26  2:38  Marine  
  26  2:39  Marine  
  26  2:41  SCV  
  29  2:46  Starport  
  29  2:48  Widow Mine  
  29  2:50  Orbital Command  
  31  2:53  SCV  
  31  2:56  Marine x2  
  34  3:05  SCV  
  34  3:09  Widow Mine, Supply Depot  
  37  3:16  SCV  
  37  3:17  SCV  
  40  3:20  Marine x2  
  40  3:23  Medivac  
  43  3:28  SCV  
  43  3:30  SCV  
  43  3:32  Factory Tech Lab  
  45  3:35  Supply Depot  
  45  3:39  Marine x2  
  45  3:40  SCV  
  48  3:42  SCV  
  48  3:48  Supply Depot  
  49  3:52  SCV  
  49  3:54  SCV  
  49  3:56  Siege Tank  
  49  4:00  Marine x2  
  54  4:07  Starport Tech Lab  
  53  4:11  SCV  
  52  4:18  Marine x2  
  52  4:20  Supply Depot  
  54  4:27  SCV  
  54  4:31  Raven  
  57  4:36  Marine x2  
  57  4:37  Siege Tank  
  61  4:47  Orbital Command  
  61  4:51  SCV  
  57  4:53  Marine x2  
  59  5:03  SCV  
  59  5:09  Siege Tank  
  62  5:16  SCV x2, Marine x2  
  62  5:17  Barracks  
  62  5:19  Barracks  
  66  5:28  SCV  
  66  5:29  SCV  
  66  5:32  Starport Reactor  
  66  5:34  Refinery, Marine x2, Engineering Bay  
  70  5:41  SCV x2  
  67  5:52  Marine x2  
  67  5:53  SCV x2  
  68  5:59  Supply Depot  
  68  6:03  Terran Infantry Weapons Level 1  
  68  6:04  Supply Depot  
  68  6:05  SCV x2  
  68  6:10  Marine x2  
  67  6:13  Siege Tank  
  67  6:14  Barracks Tech Lab  
  67  6:15  Medivac  
  67  6:17  SCV x2  
  64  6:21  Refinery  
  64  6:24  Command Center  
  64  6:27  Marauder  
  64  6:28  Stimpack  
  64  6:32  Marine x2  
  68  6:34  Marauder  
  65  6:48  Marauder  
  65  6:50  Marine x2  
  65  6:55  Marauder  
  65  6:56  SCV x2  
  68  7:05  Siege Tank  
  71  7:08  SCV x2  
  71  7:10  Marauder, Supply Depot  
  71  7:14  Starport Reactor, Marine x2  
  77  7:17  Marauder  
  81  7:31  Marauder  
  81  7:32  Marine  
  81  7:33  Barracks  
  82  7:37  Siege Tank  
  82  7:38  Marauder  
  82  7:39  Combat Shield  
  82  7:42  Barracks  
  82  7:43  Orbital Command  
  87  7:46  Marine  
  87  7:49  Marine  
  89  7:53  Marauder  
  91  7:59  Marauder  
  91  8:03  SCV  
  91  8:04  Marine  
  95  8:06  Orbital Command  
  95  8:07  Marine  
  95  8:08  SCV, Concussive Shells  
  97  8:14  Marauder  
  99  8:21  Barracks Reactor, Marauder  
  99  8:22  Marine, Ghost Academy  
  99  8:23  SCV x2  
  99  8:25  Widow Mine x2, Marine, Supply Depot  
  99  8:26  Supply Depot  
  109  8:30  Terran Infantry Armor Level 1  
  109  8:31  Supply Depot  
  109  8:42  Missile Turret, Supply Depot  
  109  8:44  SCV x2, Marauder, Medivac x2, Supply Depot  
  109  8:46  Marine x2  
  109  8:47  SCV, Supply Depot  
  120  8:52  Enhanced Shockwaves  
  120  8:56  SCV x2  
  120  8:59  SCV  
  120  9:02  Widow Mine x2  
  127  9:06  Marauder x2  
  127  9:08  Marine x2  
  133  9:10  Marine  
  133  9:11  Marine  
  133  9:15  SCV x2  
  133  9:16  SCV  
  138  9:22  Refinery  
  138  9:23  Refinery  
  138  9:27  Ghost x2  
  138  9:30  Ghost  
  144  9:35  Marine x2  
  144  9:36  Marine x2  
  148  9:40  Supply Depot  
  146  9:48  Widow Mine x2  
  146  9:51  Medivac x2  
  154  9:57  Ghost  
  154  9:58  Marine x3  
  154  9:59  Marine  
  153  10:05  Marauder x2  
  149  10:21  Marine, Medivac x2  
  149  10:22  Marine x3  
  149  10:25  Ghost  
  149  10:26  Command Center  
  149  10:27  Marauder  
  160  10:36  Marauder  
  160  10:43  SCV x2  
  160  10:48  Marauder  
  160  10:49  Marine x3  
  167  10:51  Viking  
  167  10:54  Marauder  
  167  10:57  Medivac  
  167  10:58  Marauder  
  160  11:10  Marauder  
  141  11:13  Marine x3  
  141  11:16  Marauder  
  141  11:17  SCV x2  
  147  11:19  Marauder  
  147  11:21  Medivac  
  147  11:27  Medivac  
  147  11:31  Marauder  
  151  11:33  Widow Mine x2  
  151  11:37  Marauder  
  157  11:41  Marauder  
  157  11:42  SCV, Armory, Sensor Tower  
  160  11:53  SCV  
  160  11:54  SCV  
Show
View Real Time Build Order
Export as new Build Order

LiquidMaNa Protoss 

Build Orders: 1 Gate Expand 

Get SALT Encoding   

  12  0:00  Probe  
  13  0:12  Probe  
  14  0:20  Pylon  
  14  0:24  Probe  
  15  0:38  Probe, Gateway  
  16  0:50  Probe  
  17  1:08  Nexus  
  17  1:14  Assimilator  
  17  1:15  Probe  
  18  1:26  Cybernetics Core  
  18  1:29  Probe  
  19  1:38  Pylon  
  19  1:41  Probe  
  20  1:53  Probe  
  21  1:56  Gateway  
  21  2:00  Adept (Chrono Boost)  
  21  2:01  Warp Gate (Chrono Boost)  
  21  2:07  Probe  
  24  2:19  Probe  
  25  2:23  Probe  
  25  2:25  Stalker  
  27  2:31  Probe  
  27  2:33  Gateway  
  27  2:35  Probe  
  29  2:43  Adept  
  31  2:45  Probe  
  31  2:48  Probe  
  33  2:57  Probe  
  34  3:00  Probe  
  34  3:02  Assimilator  
  35  3:06  Pylon  
  35  3:09  Probe  
  35  3:12  Probe  
  37  3:21  Probe  
  37  3:24  Probe  
  39  3:31  Adept x3  
  39  3:33  Probe  
  46  3:36  Probe, Twilight Council  
  47  3:43  Pylon  
  47  3:45  Probe  
  47  3:48  Probe  
  49  3:55  Adept x2  
  53  3:57  Probe  
  53  4:01  Probe  
  55  4:05  Pylon  
  55  4:06  Blink (Chrono Boost)  
  55  4:09  Probe  
  56  4:14  Probe  
  57  4:18  Assimilator  
  57  4:19  Stalker  
  59  4:30  Stalker  
  61  4:32  Probe  
  61  4:36  Pylon  
  61  4:37  Stalker  
  64  4:45  Probe  
  65  4:50  Probe  
  58  4:57  Probe  
  59  5:03  Probe  
  59  5:04  Stalker x2  
  57  5:09  Probe  
  57  5:10  Stalker  
  58  5:15  Probe  
  59  5:21  Probe  
  59  5:27  Probe  
  61  5:28  Stalker  
  61  5:29  Assimilator, Stalker  
  61  5:32  Nexus  
  61  5:33  Probe  
  61  5:34  Pylon  
  66  5:36  Stalker  
  66  5:39  Probe  
  66  5:45  Probe  
  67  5:52  Zealot, Stalker  
  67  5:54  Probe  
  72  6:00  Stalker  
  72  6:06  Probe  
  72  6:08  Probe  
  64  6:18  Probe, Stalker x2  
  69  6:20  Probe  
  69  6:23  Stalker  
  72  6:32  Probe  
  70  6:38  Probe  
  69  6:44  Probe  
  69  6:45  Stalker x2  
  70  6:50  Charge (Chrono Boost)  
  68  6:54  Probe  
  68  6:56  Probe  
  70  7:01  Stalker  
  70  7:05  Shield Battery  
  70  7:06  Probe  
  70  7:07  Shield Battery  
  73  7:09  Probe  
  73  7:10  Probe  
  73  7:11  Zealot, Sentry  
  73  7:14  Gateway  
  73  7:15  Gateway  
  79  7:17  Gateway  
  79  7:18  Probe  
  79  7:21  Probe  
  79  7:22  Probe  
  80  7:30  Probe, Shield Battery  
  80  7:33  Probe  
  80  7:34  Probe  
  83  7:37  Pylon  
  83  7:39  Gateway, Zealot, Sentry x2  
  89  7:44  Robotics Facility  
  89  7:46  Shield Battery  
  89  7:49  Probe x2  
  91  7:54  Probe  
  91  7:55  Shield Battery  
  92  7:58  Gateway  
  92  8:01  Probe x2, Pylon  
  92  8:06  Probe  
  92  8:09  Zealot x4  
  101  8:13  Probe x2  
  101  8:18  Zealot x2, Forge  
  107  8:21  Templar Archives  
  107  8:29  Immortal (Chrono Boost)  
  107  8:33  Pylon  
  111  8:38  Zealot x3  
  117  8:42  Pylon  
  117  8:44  Psionic Storm  
  117  8:45  Pylon  
  117  8:47  Assimilator  
  117  8:50  Pylon  
  117  8:51  Probe x2, Assimilator  
  117  8:55  Forge  
  119  9:01  Probe  
  119  9:02  Warp Prism (Chrono Boost)  
  122  9:14  High Templar x2  
  122  9:15  Photon Cannon  
  126  9:19  Zealot x4  
  126  9:20  Zealot  
  126  9:22  High Templar  
  128  9:48  Stalker  
  128  9:49  Stalker x4  
  128  9:51  Nexus  
  138  9:59  Zealot x3  
  136  10:01  Probe  
  129  10:09  Probe  
  122  10:20  High Templar x2  
  122  10:21  High Templar  
  126  10:22  High Templar  
  126  10:27  Zealot x4  
  132  10:49  Zealot x4  
  136  10:58  Probe  
  136  11:00  Probe  
  136  11:01  Immortal  
  138  11:07  Archon  
  138  11:09  Zealot x3  
  140  11:14  Probe  
  121  11:21  Stalker x5  
  129  11:33  High Templar x3  
  129  11:37  Nexus  
  135  11:40  Archon  
  135  11:41  Observer  
  135  11:46  High Templar  
  138  11:49  Zealot, Pylon  
  138  11:50  Pylon  
  138  11:52  Pylon  
  140  12:03  Pylon  
  134  12:11  Zealot x5  
  134  12:12  Zealot x2  
Tags
 
Add a new tag
Caveats
  • Supply blocks, unpowered buildings, or Contaminate may cause inaccurate times.
  • Supply counts are checked every 10 seconds.